 Dungeon Crawl Stone Soup version 0.18-a0-1782-gb76a692 (webtiles) character file.

84 4thArraOfDagon the Ruffian (level 4, -5/39 HPs)
             Began as a Troll Earth Elementalist on Apr 17, 2016.
             Killed from afar by an orc wizard (12 damage)
             ... with a puff of flame
             ... on level 3 of the Dungeon.
             The game lasted 00:03:32 (622 turns).

4thArraOfDagon the Ruffian (TrEE)                    Turns: 622, Time: 00:03:33

Health: -5/39      AC:  5    Str: 16    XL:     4   Next: 23%
Magic:  4/4        EV: 14    Int: 17    God:
Gold:   90         SH:  0    Dex: 15    Spells: 2 memorised, 2 levels left

rFire  . . .     SeeInvis .       - Unarmed
rCold  . . .     Gourm    +     a - +0 robe
rNeg   . . .     Faith    .     (no shield)
rPois  .         Spirit   .     (helmet restricted)
rElec  .         Dismiss  .     (no cloak)
rCorr  .         Reflect  .     (gloves unavailable)
SustAt .         Harm     .     (boots unavailable)
MR     +....                    (no amulet)
Stlth  ++........               (no ring)
                                n - ring of protection from magic

@: brilliant, agile, very slightly contaminated, hasted, drained, very quick,
somewhat resistant to hostile enchantments, unstealthy
A: unfitting armour, claws 3, fast metabolism 3, gourmand, regeneration 2,
shaggy fur 1, tough skin 2
a: no special abilities


You were on level 3 of the Dungeon.
You were very full.

You visited 1 branch of the dungeon, and saw 3 of its levels.

You collected 90 gold pieces.

Inventory:

Hand Weapons
 o - a +0 blowgun
Missiles
 p - 3 poisoned needles
Armour
 a - a +0 robe (worn)
Jewellery
 n - a ring of protection from magic (left claw)
Wands
 m - a wand of paralysis (0/24)
Scrolls
 b - a scroll of identify {unknown}
 g - a scroll of remove curse {unknown}
 h - a scroll of teleportation
 k - a scroll of random uselessness
Potions
 e - a potion of agility
 f - a potion of cancellation
Books
 c - a book of Geomancy

   Spells                             Type                      Level
   a - Sandblast                      Earth                        1
   b - Passwall                       Transmutation/Earth          2
   c - Stone Arrow                    Conjuration/Earth            3
   d - Petrify                        Transmutation/Earth          4
   e - Lee's Rapid Deconstruction     Earth                        5
Comestibles
 d - 3 bread rations


   Skills:
 - Level 1.5(0.7) Dodging
 - Level 1.1(0.2) Stealth
 * Level 3.9(3.0) Unarmed Combat
 - Level 1.2(0.4) Spellcasting
 - Level 0.6(0.0) Transmutations
 - Level 2.6(1.8) Earth Magic


You had 2 spell levels left.
You knew the following spells:

 Your Spells              Type           Power        Failure   Level  Hunger
a - Sandblast             Erth           ###...       1%          1    ##.....
b - Passwall              Trmt/Erth      ##........   3%          2    ###....


Dungeon Overview and Level Annotations

Branches:
Dungeon (3/15)

Altars:


Innate Abilities, Weirdness & Mutations

You are too large for most types of armour.
You have claws for hands.
Your metabolism is lightning-fast.
You like to eat raw meat.
You heal very quickly.
You are covered in fur (AC +1).
You have very tough skin (AC +2).


Message History

Unknown command.
The orc wizard hits you but does no damage.
You feel drained.
Unknown command.
Unknown command.
Unknown command.
The orc wizard casts a spell at you. The puff of frost hits you!
* * * LOW HITPOINT WARNING * * *
Unknown command.
Unknown command.
Unknown command.
Drink which item? (? for menu, Esc to quit)
It was a potion of brilliance.
You feel clever all of a sudden.
Unknown command.
Unknown command.
The orc wizard casts a spell at you. The puff of flame hits you!
You die...

## #<# .# (. ##### #.# .# .#
.####...## #.# .#### .#
........## #.#####..... .###
##.......## .#.....#
...######.........# #.####.#
##................##### #.#
#..#####.........o...# #.#
#..# #......@####.# #.# #..#
#.<....## #.# #.# #..#
#รท#...## #.### #o# #..#
#.##### #...# #.# #..# #.#
###(# #)# #..######.# #.# #.#
##..#...##.############o# #(#
......#.##.##..........(###(#
#...#...##.##.###.........(.#


You could see an orc wizard.

Vanquished Creatures
  Ijyb (D:3)
  2 adders
  2 worms (D:2)
  A dart slug (D:3)
  A giant gecko (D:2)
  6 bats
  A giant cockroach (D:3)
  3 goblins
  5 hobgoblins
  2 jackals (D:1)
  A giant newt (D:1)
  6 kobolds
  4 rats
35 creatures vanquished.

Notes
Turn   | Place    | Note
--------------------------------------------------------------
     0 | D:1      | 4thArraOfDagon the Troll Earth Elementalist began the quest for the Orb.
     0 | D:1      | Reached XP level 1. HP: 16/16 MP: 1/1
     0 | D:1      | 4thArraOfDagon: :tree is fun
     0 | D:1      | 4thArraOfDagon: tree is fun
    57 | D:1      | Reached skill level 1 in Unarmed Combat
   148 | D:1      | Reached XP level 2. HP: 24/24 MP: 2/2
   221 | D:2      | Reached skill level 2 in Unarmed Combat
   327 | D:2      | Reached XP level 3. HP: 21/31 MP: 3/3
   379 | D:3      | Noticed Ijyb
   391 | D:3      | Paralysed by Ijyb for 4 turns
   402 | D:3      | Killed Ijyb
   402 | D:3      | Reached skill level 3 in Unarmed Combat
   437 | D:2      | Reached XP level 4. HP: 37/39 MP: 4/4
   443 | D:2      | Learned a level 2 spell: Passwall
   610 | D:3      | RUP
   612 | D:3      | RIP
   622 | D:3      | Killed from afar by an orc wizard

Vault maps used:
D:1:      sevenhm_arrival_forest_fort_small_6
D:2:      uniq_crazy_yiuf_cottage
D:3:      first_bread, uniq_iyjb, uniq_purgy, uniq_sigmund

Skill      XL: |  1  2  3 |
---------------+----------+-----
Unarmed Combat | 1 2 3 |  3.9
Dodging        | |  1.5
Stealth        | |  1.1
Spellcasting   | |  1.2
Transmutations | |  0.6
Earth Magic    | |  2.6

Action                   |  1- 3 |  4- 6 || total
-------------------------+-------+-------++-------
Melee: Unarmed           |   112 |    14 ||   126
       Punch             |     1 |       ||     1
Throw: Throwing net      |       |     1 ||     1
  Use: Potion            |       |     4 ||     4
       Scroll            |       |     2 ||     2
 Stab: Sleeping          |       |     1 ||     1
  Eat: Chunk             |    10 |       ||    10
Armor: Robe              |    62 |     4 ||    66
Dodge: Dodged            |    72 |     6 ||    78
